 Dungeon Crawl Stone Soup version 0.31.0-11-ge490571c62 (webtiles) character file.

Game seed: 14750377958258328272

9513 Ashen the Covert (level 11, -3/83 HPs)
             Began as a Gnoll Enchanter on Feb 1, 2024.
             Was a Priest of Uskayaw.
             Slain by a bullfrog (4 damage)
             ... on level 1 of the Lair of Beasts.
             The game lasted 00:29:36 (12154 turns).

Ashen the Covert (Gnoll Enchanter)                 Turns: 12154, Time: 00:29:36

Health: -3/83      AC:  7    Str:  7    XL:     11   Next: 47%
Magic:  16/23      EV: 16    Int: 21    God:    Uskayaw [***...]
Gold:   471        SH:  0    Dex: 17    Spells: 13/26 levels left

rFire   . . .        m - +2 short sword (venom)
rCold   . . .        (no shield)
rNeg    . . .        a - +2 robe {Will+}
rPois   .            (no helmet)
rElec   .            r - +0 cloak
rCorr   .            E - +0 pair of gloves
SInv    .            (no boots)
Will    +....        y - amulet of faith
Stlth   ++++         x - +6 ring of intelligence
HPRegen 0.33/turn    (no ring)
MPRegen 0.18/turn

%: faith
@: on blink cooldown, invisible
A: fangs 1, strong nose, distributed training
a: Renounce Religion, Stomp, Line Pass


You were on level 1 of the Lair of Beasts.
You worshipped Uskayaw.
Uskayaw was noncommittal.
You visited 3 branches of the dungeon, and saw 13 of its levels.

You collected 471 gold pieces.

Inventory:

Hand Weapons
 m - a +2 short sword of venom (weapon)
 s - the +7 hammer of the Sugar Beet {venom, rElec rF+}
   (You found it on level 2 of the Dungeon)

   rF+:       It protects you from fire.
   rElec:     It insulates you from electricity.
 K - a +2 scimitar of flaming
Missiles
 t - 2 throwing nets (quivered)
 F - 3 curare-tipped darts
Armour
 a - a +2 robe of willpower (worn)
 r - a +0 cloak (worn)
 E - a +0 pair of gloves (worn)
Jewellery
 x - a +6 ring of intelligence (left hand)
 y - an amulet of faith (around neck)
 J - a +6 ring of intelligence
Wands
 b - a wand of flame (13)
 u - a wand of mindburst (8)
 B - a wand of polymorph (14)
 I - a wand of digging (4)
Scrolls
 d - 3 scrolls of enchant armour {unknown}
 g - 2 scrolls of revelation {unknown}
 h - 8 scrolls of teleportation {unknown}
 i - a scroll of vulnerability {unknown}
 j - 6 scrolls of fog {unknown}
 l - 10 scrolls of identify {unknown}
 p - 4 scrolls of amnesia {unknown}
 v - 3 scrolls of butterflies {unknown}
 w - a scroll of silence {unknown}
 D - 2 scrolls of enchant weapon {unknown}
 G - 2 scrolls of poison {unknown}
 H - a scroll of fear {unknown}
Potions
 c - a potion of invisibility
 e - 2 potions of brilliance {unknown}
 f - a potion of resistance {unknown}
 k - 3 potions of heal wounds {unknown}
 n - 4 potions of enlightenment {unknown}
 o - a potion of haste {unknown}
 q - 3 potions of degeneration {unknown}
 z - a potion of might {unknown}
 A - 2 potions of attraction {unknown}
 C - 3 potions of curing {unknown}


   Skills:
 + Level 6.5 Fighting
 + Level 7.1 Short Blades
 + Level 6.5 Long Blades
 + Level 6.5 Axes
 + Level 6.5 Maces & Flails
 + Level 6.5 Polearms
 + Level 6.5 Staves
 + Level 6.5 Ranged Weapons
 + Level 6.5 Throwing
 + Level 6.5 Armour
 + Level 8.1 Dodging
 + Level 9.0 Stealth
 + Level 6.5 Shields
 + Level 6.5 Unarmed Combat
 + Level 8.3 Spellcasting
 + Level 5.4 Conjurations
 + Level 7.8 Hexes
 + Level 5.4 Summonings
 + Level 5.4 Necromancy
 + Level 5.4 Translocations
 + Level 5.4 Fire Magic
 + Level 5.4 Ice Magic
 + Level 5.4 Air Magic
 + Level 5.4 Earth Magic
 + Level 5.4 Alchemy
 + Level 7.2 Invocations
 + Level 6.5 Evocations
 + Level 6.0 Shapeshifting


You had 13 spell levels left.
You knew the following spells:

 Your Spells              Type           Power      Damage    Failure   Level
a - Ensorcelled Hibernat  Hex/Ice        72%        N/A       1%          2
b - Confusing Touch       Hex            41%        N/A       1%          3
c - Tukima's Dance        Hex            41%        N/A       1%          3
d - Dazzling Flash        Conj/Hex       72%        N/A       1%          3
e - Blink                 Tloc           62%        N/A       1%          2

Your spell library contained the following spells:

 Spells                   Type           Power      Damage    Failure   Level
 Lesser Beckoning         Tloc           62%        N/A       1%          2
 Momentum Strike          Conj/Tloc      62%        3d9       1%          2
 Summon Ice Beast         Ice/Summ       31%        N/A       2%          3
 Summon Mana Viper        Hex/Summ       36%        N/A       14%         5
 Monstrous Menagerie      Summ           15%        N/A       100%        7


Dungeon Overview and Level Annotations

Branches:
Dungeon (11/15)            Temple (1/1) D:6            Lair (1/5) D:10
    Orc: D:9-12

Altars:
Ashenzari
Cheibriados
Dithmenos
Elyvilon
Fedhas
Gozag
Hepliaklqana
Kikubaaqudgha
Makhleb
Nemelex Xobeh
Okawaru
Qazlal
Ru
Sif Muna
Trog
Uskayaw
Vehumet
Wu Jian
Xom
Yredelemnul
Zin
The Shining One

Portals:
Abyss: D:7

Annotations:
D:7 2 transporters, Skimidon's ghost, novice OnBr
D:10 2 transporters


Innate Abilities, Weirdness & Mutations

You have very sharp teeth.
Your uncanny sense of smell can sniff out nearby items.
Your experience applies equally to all skills.


Message History

The komodo dragon resists with some effort.
The blink frog croaks.
You hear a croak.
The komodo dragon closely misses you.
The yak gores the fungus.
The yak closely misses you.
The yak gores the fungus.
A blink frog comes into view.
Casting: Ensorcelled Hibernation (safe; 1% risk of failure)
Confirm with . or Enter, or press ? or * to list all spells.
Aiming: Ensorcelled Hibernation (safe; 1% risk of failure)
Press: ? - help, Shift-Dir - straight line, f/p - komodo dragon
Aim: a komodo dragon (sharing its pain, chance to affect: 47%)
The komodo dragon resists with some effort.
The basilisk is no longer sharing its pain.
The blink frog blinks! x2; The komodo dragon bites you!!
The yak gores the fungus!
Casting: Ensorcelled Hibernation (safe; 1% risk of failure)
Confirm with . or Enter, or press ? or * to list all spells.
Aiming: Ensorcelled Hibernation (safe; 1% risk of failure)
Press: ? - help, Shift-Dir - straight line, f/p - komodo dragon
Aim: a komodo dragon (sharing its pain, chance to affect: 47%)
The komodo dragon resists with some effort.
The komodo dragon completely misses you.
The yak gores you!
* * * LOW HITPOINT WARNING * * *
The yak misses you. The blink frog hits you!
* * * LOW HITPOINT WARNING * * *
The blink frog blinks!
Unknown command.
Casting: Ensorcelled Hibernation (safe; 1% risk of failure)
Confirm with . or Enter, or press ? or * to list all spells.
You blink.
A basilisk and a polar bear come into view.
The blink frog is no longer sharing its pain.
The bullfrog hits you.
* * * LOW HITPOINT WARNING * * *
You fade into invisibility!
A nearby fungus withers and dies.
The yak is no longer sharing its pain.
The blink frog hits you!
* * * LOW HITPOINT WARNING * * *
The blink frog blinks!
The bullfrog hits you.
You die...

#.#.# ..#. ..#.
.#F..# ...
..P.....# .# #
#.#.#...# .
...#.#.#.....#..
...P.#@l.#......
.......lF.P...#
..l.#.P.......#..
.. #F#.Y<#Y.....
..#.#ยง....#
....h...Y......
##.#########.##
## #


You could see a polar bear (unable to see you), a komodo dragon (unable to see
you, pain bonded), 3 yaks, 2 basilisks, 2 blink frogs and a bullfrog (unable to
see you).

Vanquished Creatures
  Erica (D:10)
  A two-headed ogre (D:10)
  Psyche (D:10)
  A troll (D:10)
  Grinder (D:3)
  Sigmund (D:5)
  2 wraiths (D:10)
  19 yaks
  3 vampires
  A steam dragon (D:8)
  4 acid dragons
  A water moccasin (D:7)
  2 orc warriors
  3 sky beasts
  2 black bears
  A laughing skull (D:11)
  A centaur (D:9)
  3 kobold brigands
  A bullfrog (D:7)
  2 scorpions
  10 wights
  13 killer bees
  3 howler monkeys
  2 bombardier beetles
  A crimson imp (D:3)
  2 hounds
  Crazy Yiuf (D:2)
  2 jellies
  8 orc priests
  A sleepcap (D:6)
  8 orc wizards
  2 iguanas (D:6)
  8 gnolls
  6 adders
  A white imp (D:8)
  2 ufetubi (D:6)
  2 dart slugs
  2 ribbon worms (D:2)
  29 orcs
  12 ball pythons
  4 bats
  9 endoplasms
  2 giant cockroaches
  5 hobgoblins
  5 jackals
  29 kobolds
  5 quokkas
  3 frilled lizards
  3 goblins
  8 rats
239 creatures vanquished.

Notes
Turn   | Place    | Note
-------+----------+-------------------------------------------
     0 | D:1      | Ashen the Gnoll Enchanter began the quest for the Orb.
     0 | D:1      | Reached XP level 1. HP: 13/13 MP: 6/6
   112 | D:1      | Reached XP level 2. HP: 10/19 MP: 7/7
   116 | D:1      | Learned a level 2 spell: Ensorcelled Hibernation
   951 | D:2      | Reached skill level 5 in Spellcasting
   951 | D:2      | Reached XP level 3. HP: 25/25 MP: 7/9
  1021 | D:2      | Reached skill level 6 in Stealth
  1202 | D:2      | Reached skill level 1 in Invocations
  1525 | D:2      | Reached skill level 1 in Fighting
  1525 | D:2      | Reached skill level 1 in Long Blades
  1525 | D:2      | Reached skill level 1 in Axes
  1525 | D:2      | Reached skill level 1 in Maces & Flails
  1525 | D:2      | Reached skill level 1 in Polearms
  1525 | D:2      | Reached skill level 1 in Staves
  1525 | D:2      | Reached skill level 1 in Ranged Weapons
  1525 | D:2      | Reached skill level 1 in Throwing
  1525 | D:2      | Reached skill level 1 in Armour
  1525 | D:2      | Reached skill level 1 in Shields
  1525 | D:2      | Reached skill level 1 in Unarmed Combat
  1525 | D:2      | Reached skill level 1 in Evocations
  1622 | D:2      | Found a blossoming altar of Fedhas.
  1622 | D:2      | Found a glowing golden altar of the Shining One.
  1622 | D:2      | Found a snail-covered altar of Cheibriados.
  1622 | D:2      | Found a white marble altar of Elyvilon.
  1622 | D:2      | Found an ancient bone altar of Kikubaaqudgha.
  1622 | D:2      | Found a snail-covered altar of Cheibriados.
  1636 | D:2      | Reached skill level 1 in Conjurations
  1636 | D:2      | Reached skill level 1 in Summonings
  1636 | D:2      | Reached skill level 1 in Necromancy
  1636 | D:2      | Reached skill level 1 in Translocations
  1636 | D:2      | Reached skill level 1 in Fire Magic
  1636 | D:2      | Reached skill level 1 in Ice Magic
  1636 | D:2      | Reached skill level 1 in Air Magic
  1636 | D:2      | Reached skill level 1 in Earth Magic
  1636 | D:2      | Reached skill level 1 in Alchemy
  1636 | D:2      | Reached skill level 1 in Shapeshifting
  1636 | D:2      | Reached XP level 4. HP: 23/32 MP: 2/11
  1850 | D:2      | Found a runed translucent door.
  1851 | D:2      | Noticed Crazy Yiuf
  1998 | D:2      | Killed Crazy Yiuf
  2013 | D:2      | Identified the +7 hammer of the Sugar Beet {venom, rElec
                  | rF+}
  2175 | D:2      | Reached XP level 5. HP: 37/37 MP: 9/12
  2230 | D:2      | Identified the +1 ring mail of Hafosuro {Str+5 Dex-2}
  2946 | D:3      | Noticed Grinder
  2949 | D:3      | Paralysed by Grinder for 5 turns
  3027 | D:3      | Learned a level 3 spell: Confusing Touch
  3031 | D:3      | Learned a level 3 spell: Tukima's Dance
  3035 | D:3      | Learned a level 3 spell: Dazzling Flash
  3038 | D:3      | Learned a level 2 spell: Blink
  3110 | D:3      | Killed Grinder
  3111 | D:3      | Reached skill level 5 in Dodging
  3111 | D:3      | Reached XP level 6. HP: 22/44 MP: 11/14
  3273 | D:3      | Found a shimmering altar of Xom.
  3274 | D:3      | Found a burning altar of Makhleb.
  3836 | D:4      | Reached XP level 7. HP: 51/51 MP: 8/15
  4133 | D:4      | You fall into a shaft and drop 1 floor!
  4133 | D:5      | Entered Level 5 of the Dungeon
  4758 | D:4      | Found a blossoming altar of Fedhas.
  5144 | D:5      | Reached XP level 8. HP: 58/58 MP: 13/16
  5180 | D:5      | Noticed Sigmund
  5192 | D:5      | Killed Sigmund
  5411 | D:5      | Reached skill level 7 in Stealth
  5889 | D:6      | Found a hazy altar of Hepliaklqana.
  5920 | D:6      | Found a white marble altar of Elyvilon.
  6048 | D:6      | Found a staircase to the Ecumenical Temple.
  6062 | Temple   | Entered the Ecumenical Temple
  6079 | Temple   | Became a worshipper of Uskayaw the Reveller
  6108 | D:6      | Reached * piety under Uskayaw
  6120 | D:6      | Reached ** piety under Uskayaw
  6497 | D:6      | Reached XP level 9. HP: 25/65 MP: 10/18
  7057 | D:7      | Found a transporter.
  7058 | D:7      | Noticed a red devil
  7084 | D:7      | Found a one-way gate to the infinite horrors of the Abyss.
  7084 | D:7      | Noticed Skimidon's ghost (novice OnBr)
  7112 | D:7      | Found an opulent altar of Gozag.
  7202 | D:7      | Found a transporter.
  7232 | D:7      | Reached *** piety under Uskayaw
  7302 | D:7      | Reached skill level 5 in Short Blades
  7418 | D:7      | Found a glowing golden altar of the Shining One.
  8034 | D:7      | Found a shimmering blue altar of Sif Muna.
  8038 | D:7      | Reached skill level 5 in Invocations
  8921 | D:8      | Reached **** piety under Uskayaw
  9417 | D:9      | Reached skill level 5 in Fighting
  9417 | D:9      | Reached skill level 5 in Long Blades
  9417 | D:9      | Reached skill level 5 in Axes
  9417 | D:9      | Reached skill level 5 in Maces & Flails
  9417 | D:9      | Reached skill level 5 in Polearms
  9417 | D:9      | Reached skill level 5 in Staves
  9417 | D:9      | Reached skill level 5 in Ranged Weapons
  9417 | D:9      | Reached skill level 5 in Throwing
  9417 | D:9      | Reached skill level 5 in Armour
  9417 | D:9      | Reached skill level 5 in Shields
  9417 | D:9      | Reached skill level 5 in Unarmed Combat
  9417 | D:9      | Reached skill level 5 in Evocations
  9417 | D:9      | Reached XP level 10. HP: 67/74 MP: 15/20
  9426 | D:9      | Reached skill level 8 in Stealth
  9579 | D:9      | Reached ***** piety under Uskayaw
  9589 | D:9      | Reached ****** piety under Uskayaw
  9605 | D:9      | Reached skill level 5 in Shapeshifting
 10657 | D:10     | Entered Level 10 of the Dungeon
 10704 | D:10     | Noticed a two-headed ogre
 10717 | D:10     | Killed a two-headed ogre
 10718 | D:10     | Reached skill level 5 in Conjurations
 10718 | D:10     | Reached skill level 5 in Summonings
 10718 | D:10     | Reached skill level 5 in Necromancy
 10718 | D:10     | Reached skill level 5 in Translocations
 10718 | D:10     | Reached skill level 5 in Fire Magic
 10718 | D:10     | Reached skill level 5 in Ice Magic
 10718 | D:10     | Reached skill level 5 in Air Magic
 10718 | D:10     | Reached skill level 5 in Earth Magic
 10718 | D:10     | Reached skill level 5 in Alchemy
 10718 | D:10     | Noticed a yaktaur captain
 10871 | D:10     | Noticed Erica
 10895 | D:10     | Reached XP level 11. HP: 81/81 MP: 20/22
 10900 | D:10     | Found a staircase to the Lair.
 10907 | D:10     | Killed Erica
 11046 | D:10     | Noticed a centaur warrior
 11047 | D:10     | Found a transporter.
 11048 | D:10     | Noticed a centaur warrior
 11050 | D:10     | Found a transporter.
 11050 | D:10     | Noticed a centaur warrior
 11050 | D:10     | Noticed an orc knight
 11052 | D:10     | Noticed a seven-headed hydra
 11186 | D:10     | Noticed Psyche
 11193 | D:10     | Killed Psyche
 12141 | Lair:1   | Entered Level 1 of the Lair of Beasts
 12143 | Lair:1   | Reached skill level 9 in Stealth
 12154 | Lair:1   | HP: 1/83 [blink frog (7)]
 12154 | Lair:1   | Slain by a bullfrog

Illustrated notes

Levels and vault maps discovered:
D:1:      wander_arrival_estate, layout_loops_cross, serial_rivers,
          chequers_serial_rivers_marsh, chequers_serial_rivers_micro_c,
          chequers_serial_rivers_room_a, chequers_serial_rivers_room_b,
          chequers_serial_rivers_marsh, chequers_serial_rivers_small_b,
          minivault_25
D:2:      cheibrodos_fertilizer, layout_loops_ring, serial_bayou_pond_c,
          uniq_crazy_yiuf_cottage
D:3:      layout_basic, grunt_temple_overflow_champion_of_chaos, uniq_grinder
D:4:      layout_basic, fedhas_altar_4
D:5:      layout_basic, dreamdust_wishing_well, uniq_sigmund
D:6:      layout_basic, mainiacjoe_overflow_catch_the_wave,
          minmay_temple_entry_waves
D:7:      layout_loops_corners, marbit_many_paths, grunt_gozag_statues,
          mainiacjoe_overflow_24_doors, gammafunk_ghost_abyssal_escape
D:8:      layout_cave_pods, minmay_misc_feat_doors
D:9:      layout_basic
D:10:     gammafunk_sealed_arena, layout_basic, lair_entry_dummy, uniq_psyche,
          uniq_erica
D:11:     minmay_diamond_stairs, layout_basic, grunt_qazlal_clouds, uniq_fannar
Temple:   nicolae_temple_ecumenical_triangle
Lair:1:   minmay_guarded_unrand_snakebite, layout_long_grid,
          gammafunk_ghost_arena, serial_bayou_shore_b, uniq_harold,
          uniq_gastronok

Skill      XL: |  1  2  3  4  5  6  7  8  9 10 11 |
---------------+----------------------------------+-----
Spellcasting   | 5 6 7 8 |  8.3
Stealth        | 6 7 8 9 |  9.0
Invocations    | 1 2 3 4 5 6 7 |  7.2
Fighting       | 1 2 3 5 6 |  6.5
Long Blades    | 1 2 3 5 6 |  6.5
Axes           | 1 2 3 5 6 |  6.5
Maces & Flails | 1 2 3 5 6 |  6.5
Polearms       | 1 2 3 5 6 |  6.5
Staves         | 1 2 3 5 6 |  6.5
Ranged Weapons | 1 2 3 5 6 |  6.5
Throwing       | 1 2 3 5 6 |  6.5
Armour         | 1 2 3 5 6 |  6.5
Shields        | 1 2 3 5 6 |  6.5
Unarmed Combat | 1 2 3 5 6 |  6.5
Evocations     | 1 2 3 5 6 |  6.5
Conjurations   | 1 2 3 4 5 |  5.4
Summonings     | 1 2 3 4 5 |  5.4
Necromancy     | 1 2 3 4 5 |  5.4
Translocations | 1 2 3 4 5 |  5.4
Fire Magic     | 1 2 3 4 5 |  5.4
Ice Magic      | 1 2 3 4 5 |  5.4
Air Magic      | 1 2 3 4 5 |  5.4
Earth Magic    | 1 2 3 4 5 |  5.4
Alchemy        | 1 2 3 4 5 |  5.4
Shapeshifting  | 1 2 3 4 5 6 |  6.0
Short Blades   | 3 4 5 6 7 |  7.1
Dodging        | 5 6 7 8 |  8.1
Hexes          | 6 7 |  7.8

Action                     |  1- 3 |  4- 6 |  7- 9 | 10-12 || total
---------------------------+-------+-------+-------+-------++-------
  Melee: Dagger            |    95 |       |       |       ||    95
         Bite              |    10 |     7 |    13 |    25 ||    55
         Short sword       |     9 |    78 |   202 |   210 ||   499
         Punch             |     1 |     2 |     7 |    10 ||    20
   Cast: Ensorcelled Hiber |    24 |    32 |   100 |    42 ||   198
         Confusing Touch   |       |     2 |     7 |    17 ||    26
         Tukima's Dance    |       |       |     1 |       ||     1
         Blink             |       |       |       |     1 ||     1
 Invoke: Line Pass         |       |       |       |     1 ||     1
  Evoke: Wand              |       |       |       |     5 ||     5
    Use: Potion            |       |       |       |     1 ||     1
   Stab: Sleeping          |    25 |    15 |    79 |    27 ||   146
         Confused          |       |     3 |     6 |    15 ||    24
         Distracted        |       |       |     1 |       ||     1
         Paralysed         |       |       |     2 |    11 ||    13
 Armour: Robe              |    47 |    39 |   113 |    84 ||   283
  Dodge: Dodged            |    66 |    61 |   149 |   111 ||   387
